 Dungeon Crawl Stone Soup version 0.28.0-45-g0d030f2227 (webtiles) character file.

Game seed: 3583016063403575453

151 nickcage the Chiller (level 5, -4/28 HPs)
             Began as a Deep Elf Ice Elementalist on Apr 14, 2022.
             Splashed by a jelly's acid (10 damage)
             ... on level 3 of the Dungeon.
             The game lasted 00:12:59 (2384 turns).

nickcage the Chiller (Deep Elf Ice Elementalist)    Turns: 2384, Time: 00:13:00

Health: -4/28      AC: -1    Str:  5    XL:     5   Next: 11%
Magic:  13/14      EV: 12    Int: 22    God:
Gold:   108        SH:  0    Dex: 15    Spells: 2/13 levels left

rFire   . . .      SeeInvis .   c - +0 dagger
rCold   . . .      Faith    .   (no shield)
rNeg    . . .      Spirit   .   a - +0 robe
rPois   .          Reflect  .   (no helmet)
rElec   .          Harm     .   l - +0 cloak
rCorr   .          Rampage  .   (no gloves)
Will    .....                   (no boots)
Stlth   ++........              (no amulet)
HPRegen 0.09/turn               (no ring)
MPRegen 0.14/turn               (no ring)

@: corroded
A: no striking features
a: no special abilities


You were on level 3 of the Dungeon.
You visited 1 branch of the dungeon, and saw 3 of its levels.

You collected 108 gold pieces.

Inventory:

Hand Weapons
 c - a +0 dagger (weapon)
Missiles
 b - 4 boomerangs
Armour
 a - a +0 robe (worn)
 l - a +0 cloak (worn)
Magical Staves
 e - a staff of fire
 k - a staff of air
Scrolls
 d - 3 scrolls of teleportation {unknown}
 i - a scroll of magic mapping {unknown}
 j - 2 scrolls of identify {unknown}
 m - 4 scrolls of enchant weapon {unknown}
Potions
 f - 2 potions of haste {unknown}
 g - a potion of degeneration {unknown}
 h - 2 potions of curing {unknown}
 n - a potion of invisibility {unknown}
 o - 2 potions of ambrosia {unknown}
 p - 2 potions of lignification {unknown}


   Skills:
 - Level 2.4 Dodging
 - Level 2.4 Stealth
 + Level 4.7 Spellcasting
 * Level 6.3 Ice Magic


You had 2 spell levels left.
You knew the following spells:

 Your Spells              Type           Power      Damage    Failure   Level
a - Freeze                Ice            100%       1d11      1%          1
b - Frozen Ramparts       Ice            66%        1d8       2%          3
c - Ozocubu's Armour      Ice            33%        N/A       2%          3
d - Hailstorm             Conj/Ice       19%        3d6       28%         4

Your spell library contained the following spells:

 Spells                   Type           Power      Damage    Failure   Level
 Foxfire                  Conj/Fire      20%        2x1d5     11%         1
 Conjure Flame            Conj/Fire      5%         6-21      30%         3
 Inner Flame              Hex/Fire       5%         N/A       30%         3
 Flame Wave               Conj/Fire      5%         2d5       71%         4


Dungeon Overview and Level Annotations

Branches:
Dungeon (3/15)

Altars:

Shops:
D:3 (


Message History

The bat barely misses you.
You freeze the bat.
You kill the bat!
A worm comes into view.
You throw a boomerang.
The boomerang hits the worm but does no damage.
You throw a boomerang. The boomerang hits the worm.
The worm is lightly wounded.
You freeze the worm!
The worm is heavily wounded.
The worm barely misses you.
You freeze the worm!
The worm is almost dead.
You freeze the worm.
You kill the worm!
Found 14 stones.
A jelly comes into view.
The jelly quivers.
The jelly hits you.
You are splashed with acid.
You see here 14 stones.
A jelly is nearby!
You throw a boomerang. The boomerang hits the jelly.
The jelly is moderately wounded.
The jelly hits you. The acid corrodes you!
You are splashed with acid!
You are too injured to fight recklessly!
Throw: 4 boomerangs
Press: ? - help, Q - select action, (/) - cycle Shift-Dir - straight line, f/p - jelly
Aim: a jelly (moderately wounded, 89% to hit)
You throw a boomerang. The boomerang hits the jelly.
The jelly is moderately wounded.
The jelly barely misses you. The jelly closely misses you.
Aiming: Freeze (safe; 1% risk of failure)
Press: ? - help, Q - select action, (/) - cycle Shift-Dir - straight line, f/p - jelly
Aim: a jelly (moderately wounded)
You freeze the jelly!
The jelly is severely wounded.
The jelly hits you.
* * * LOW HITPOINT WARNING * * *
You are splashed with acid!
You die...

########## ###### #
#........# #.....
#..#........# ##.....
#...J@......####......
#.....................
###.........###.#.....
............# #.######
##..........###.# #
##.........##..# ###
#.........##.#####..
#..................<
#..##.####...##..#..


You could see a jelly.

Vanquished Creatures
  A hound (D:3)
  5 adders (D:3)
  2 worms
  A dart slug (D:1)
  4 orcs (D:3)
  6 endoplasms
  2 giant cockroaches (D:1)
  6 goblins
  8 hobgoblins
  3 quokkas
  4 ball pythons
  8 bats
  3 frilled lizards
  4 kobolds
  6 rats
63 creatures vanquished.

Notes
Turn   | Place    | Note
-------+----------+-------------------------------------------
     0 | D:1      | nickcage the Deep Elf Ice Elementalist began the quest for
                  | the Orb.
     0 | D:1      | Reached XP level 1. HP: 10/10 MP: 6/6
   160 | D:1      | Reached XP level 2. HP: 15/15 MP: 8/8
   316 | D:1      | Reached skill level 5 in Ice Magic
   430 | D:1      | Reached XP level 3. HP: 19/19 MP: 5/10
   833 | D:1      | Learned a level 3 spell: Frozen Ramparts
   837 | D:1      | Learned a level 3 spell: Ozocubu's Armour
  1583 | D:3      | Found Deecwac's Weapon Shop.
  1766 | D:3      | Reached XP level 4. HP: 24/24 MP: 8/12
  1816 | D:3      | Learned a level 4 spell: Hailstorm
  1898 | D:3      | Reached skill level 6 in Ice Magic
  2187 | D:3      | Reached XP level 5. HP: 28/28 MP: 2/14
  2384 | D:3      | Splashed by a jelly's acid

Illustrated notes

Levels and vault maps discovered:
D:1:      shiori_arrival_elements, layout_basic
D:2:      layout_basic
D:3:      layout_rooms, lemuel_crystal_altar, serial_shops, nicolae_shop_crystal

Skill      XL: |  1  2  3  4 |
---------------+-------------+-----
Ice Magic      | 5 6 |  6.3
Spellcasting   | 4 |  4.7
Dodging        | |  2.4
Stealth        | |  2.4

Action                   |  1- 3 |  4- 6 || total
-------------------------+-------+-------++-------
Melee: Unarmed           |    10 |       ||    10
       Dagger            |     4 |     4 ||     8
Throw: Boomerang         |    58 |    13 ||    71
 Cast: Freeze            |    42 |    18 ||    60
       Frozen Ramparts   |     3 |     4 ||     7
       Ozocubu's Armour  |     1 |     2 ||     3
Armor: Robe              |    17 |     2 ||    19
Dodge: Dodged            |    27 |    10 ||    37
